AoeStats
← FAD3D WHHYY NOT

Black Forest

508587717Analyzed
4v4 RM · 8d ago on Sep 23, 2026· 85m 51s· 8 players
Game mode
Random Map
Map size
Large (8 player)
Population
200
Speed
Normal
Resources
Standard
Victory
Conquest
Starting age
Dark Age
Ending age
Imperial Age
RankedLock teamsTeams togetherTeam positionsShared explorationLock speedFull tech treeHidden civsTurbo modeCheats
Victory
Defeat
🇲🇽 Khmer · Mexico
708
+14
🇲🇽 Aztecs · Mexico
692
+14
🇲🇽 Bohemians · Mexico
678
+15
🇲🇽 Sicilians · Mexico
677
+15
🇺🇸 Spanish · United States
703
-16
🇺🇸 Khmer · United States
663
-15
🇺🇸 Romans · United States
639
-14
🇲🇽 Chinese · Mexico
624
-13
FAD3D WHHYY NOT
0:27 Loom
15:05 Feudal Age
15:58 Horse Collar
19:44 Double-Bit Axe
25:51 Castle Age
25:36 Forging
25:28 Scale Mail Armor
27:50 Husbandry
28:02 Bloodlines
32:02 Iron Casting
31:33 Scale Barding Armor
32:45 Wheelbarrow
34:00 Chain Barding Armor
33:57 Bow Saw
35:41 Town Watch
37:56 Heavy Plow
40:26 Fortified Wall
40:38 Ballistics
40:16 Murder Holes
40:36 Fletching
41:22 Hand Cart
44:10 Imperial Age
43:42 Gambesons
44:00 Squires
43:48 Arson
44:11 Cavalier
45:56 Blast Furnace
45:33 Plate Barding Armor
45:35 Paladin
48:00 Town Patrol
49:00 Conscription
49:00 Padded Archer Armor
49:15 Chain Mail Armor
48:56 Bodkin Arrow
50:46 Pikeman
52:46 Hoardings
53:17 Elite Conquistador
56:47 Chemistry
58:45 Light Cavalry
62:40 Caravan
63:13 Coinage
62:54 Guilds
63:37 Hussar
65:13 Leather Archer Armor
66:46 Banking
68:59 Plate Mail Armor
69:02 Ring Archer Armor
70:39 Halberdier
72:55 Bracer
matticus23
0:27 Loom
13:15 Feudal Age
16:26 Wheelbarrow
15:41 Double-Bit Axe
16:30 Horse Collar
21:41 Castle Age
23:34 Heavy Plow
23:50 Bow Saw
26:57 Hand Cart
28:21 Fervor
32:31 Caravan
35:46 Imperial Age
33:30 Gold Mining
33:31 Stone Mining
33:11 Man-at-Arms
33:52 Squires
33:14 Pikeman
34:30 Long Swordsman
35:15 Scale Mail Armor
35:26 Forging
35:22 Scale Barding Armor
35:08 Fletching
35:18 Padded Archer Armor
37:08 Chain Mail Armor
37:10 Fortified Wall
36:57 Murder Holes
37:13 Masonry
37:50 Ballistics
37:37 Siege Engineers
37:58 Chain Barding Armor
38:16 Iron Casting
38:23 Gold Shaft Mining
38:52 Crop Rotation
38:15 Heavy Scorpion
39:23 Leather Archer Armor
39:04 Bodkin Arrow
38:40 Legionary
39:48 Conscription
40:56 Architecture
41:27 Chemistry
41:12 Ballistas
42:33 Comitatenses
41:44 Sappers
42:25 Capped Ram
44:40 Onager
45:01 Siege Ram
45:35 Elite Centurion
48:14 Halberdier
63:59 Blast Furnace
63:34 Ring Archer Armor
MoldyShelf59466
0:30 Loom
13:19 Feudal Age
15:29 Wheelbarrow
14:46 Double-Bit Axe
16:03 Stone Mining
17:17 Horse Collar
20:00 Gold Mining
22:23 Forging
24:02 Bloodlines
24:15 Scale Barding Armor
29:14 Castle Age
28:27 Fletching
28:40 Padded Archer Armor
30:27 Hand Cart
30:19 Caravan
30:59 Bow Saw
32:08 Iron Casting
31:46 Heavy Plow
32:50 Masonry
34:39 Chain Barding Armor
35:32 Fortified Wall
37:32 Gold Shaft Mining
37:46 Stone Shaft Mining
37:21 Tusk Swords
37:45 Town Watch
38:56 Town Patrol
42:30 Imperial Age
40:43 Bodkin Arrow
44:34 Double Crossbow
45:34 Crop Rotation
47:34 Bracer
49:34 Chemistry
50:38 Blast Furnace
50:48 Architecture
51:06 Murder Holes
52:36 Elite Ballista Elephant
53:03 Elite Battle Elephant
56:39 Hoardings
60:43 Light Cavalry
65:44 Onager
68:37 Husbandry
crybabygg
12:38 Feudal Age
11:09 Loom
25:58 Castle Age
35:25 Imperial Age
32:44 Town Watch
33:19 Double-Bit Axe
33:32 Stone Mining
37:38 Horse Collar
48:22 Bow Saw
51:36 Masonry
51:18 Heated Shot
51:48 Ballistics
52:29 Chemistry
51:14 Arrowslits
51:40 Fortified Wall
51:26 Murder Holes
51:42 Careening
51:37 Siphons
51:53 Shipwright
51:38 Padded Archer Armor
51:40 Scale Mail Armor
54:18 Clinker Construction
53:59 Guard Tower
54:40 Architecture
54:30 Leather Archer Armor
54:06 Fletching
54:26 Forging
56:34 Great Wall
56:55 Conscription
57:39 Elite Chu Ko Nu
59:09 Sappers
64:01 Rocketry
65:04 Man-at-Arms
65:05 Pikeman
65:45 Squires
65:31 Arson
65:06 Elite Fire Lancer
65:54 Thumb Ring
65:10 Elite Skirmisher
69:18 Two-Man Saw
68:14 Gold Mining
69:00 Stone Shaft Mining
67:52 Halberdier
67:52 Long Swordsman
68:38 Husbandry
69:11 Two-Handed Swordsman
69:13 Crossbowman
70:07 Bloodlines
78:59 Wheelbarrow
78:25 Town Patrol
78:08 Champion
78:10 Arbalester
78:13 Cavalier
78:13 Light Cavalry
Hermoso Cariño U.U
1:33 Loom
15:11 Feudal Age
17:10 Double-Bit Axe
18:04 Wheelbarrow
18:27 Horse Collar
22:13 Castle Age
21:06 Gold Mining
21:08 Stone Mining
21:28 Stone Mining
24:33 Masonry
25:27 Scale Barding Armor
25:26 Scale Mail Armor
25:38 Forging
29:01 Heavy Plow
30:41 Chain Mail Armor
31:03 Iron Casting
33:00 Hand Cart
33:37 Town Watch
34:05 Bow Saw
34:31 Ballistics
34:08 Murder Holes
34:41 First Crusade
37:00 Stone Shaft Mining
37:00 Gold Shaft Mining
39:02 Imperial Age
39:13 Imperial Age
37:01 Pikeman
37:41 Squires
37:30 Arson
38:13 Chain Barding Armor
40:33 Plate Mail Armor
41:04 Blast Furnace
41:08 Chemistry
40:16 Siege Engineers
41:17 Halberdier
42:36 Plate Barding Armor
42:05 Town Patrol
41:31 Elite Serjeant
42:23 Hauberk
42:40 Conscription
42:31 Caravan
43:56 Husbandry
43:16 Cavalier
44:07 Bloodlines
43:18 Light Cavalry
49:03 Crop Rotation
59:23 Onager
72:52 Siege Onager
zFear Itachi
0:36 Loom
13:24 Feudal Age
13:55 Double-Bit Axe
13:55 Horse Collar
15:06 Wheelbarrow
17:15 Gold Mining
27:42 Castle Age
27:12 Stone Mining
28:36 Bow Saw
28:28 Heavy Plow
29:07 Gold Shaft Mining
29:11 Stone Shaft Mining
28:53 Hand Cart
29:32 Caravan
31:07 Treadmill Crane
34:12 Ballistics
35:52 Fervor
35:56 Redemption
40:27 Imperial Age
38:12 Atlatl
38:19 Atonement
38:45 Eagle Warrior
39:46 Scale Mail Armor
39:56 Forging
39:37 Fletching
39:47 Padded Archer Armor
40:24 Squires
39:45 Pikeman
39:50 Elite Skirmisher
41:02 Chain Mail Armor
43:15 Conscription
42:22 Elite Eagle Warrior
44:23 Chemistry
44:00 Crop Rotation
44:30 Leather Archer Armor
44:11 Bodkin Arrow
45:18 Plate Mail Armor
47:29 Elite Jaguar Warrior
56:08 Bracer
56:43 Iron Casting
59:44 Arson
69:44 Blast Furnace
GSHRafitaNG
0:43 Loom
13:56 Feudal Age
16:48 Horse Collar
16:56 Double-Bit Axe
19:30 Wheelbarrow
25:36 Castle Age
29:27 Bow Saw
29:20 Heavy Plow
29:53 Hand Cart
38:40 Imperial Age
38:43 Caravan
40:36 Two-Man Saw
41:06 Wagenburg Tactics
40:23 Elite Hussite Wagon
45:12 Ballistics
45:53 Chemistry
50:14 Houfnice
zFSane
0:36 Loom
14:55 Feudal Age
19:33 Castle Age
19:41 Double-Bit Axe
20:59 Wheelbarrow
20:20 Stone Mining
20:20 Gold Mining
22:38 Bow Saw
25:57 Stone Shaft Mining
25:57 Gold Shaft Mining
27:09 Masonry
26:51 Horse Collar
29:17 Hand Cart
31:22 Coinage
30:54 Caravan
30:58 Padded Archer Armor
30:48 Fletching
34:58 Imperial Age
32:35 Tusk Swords
34:03 Gold Shaft Mining
34:45 Leather Archer Armor
34:25 Bodkin Arrow
35:42 Ballistics
35:14 Heated Shot
35:00 Elite Ballista Elephant
36:46 Ring Archer Armor
36:16 Bracer
37:30 Chemistry
37:01 Architecture
36:42 Fortified Wall
38:18 Double Crossbow
38:55 Hoardings
38:45 Conscription
38:34 Onager
39:45 Scale Barding Armor
39:40 Scale Mail Armor
39:50 Forging
45:14 Iron Casting
45:06 Heavy Plow
53:59 Pikeman
65:47 Husbandry
65:57 Bloodlines
65:08 Light Cavalry
65:08 Cavalier
66:14 Chain Barding Armor
66:09 Chain Mail Armor
66:55 Blast Furnace
66:07 Siege Engineers
69:51 Hussar
Connection lost

Rejoining the realm…

Still unreachable

The connection could not be restored.

Session expired

The server has moved on; the page needs a fresh start.